 Dungeon Crawl Stone Soup version 0.20-a0-454-g2b43fbb (webtiles) character file.

620 Kidiri the Magician (level 7, 0/36 HPs)
             Began as a Deep Elf Fire Elementalist on Jan 9, 2017.
             Killed by divine providence
             ... invoked by an orc priest
              (11 damage)
             ... on level 4 of the Dungeon.
             The game lasted 00:13:25 (3403 turns).

Kidiri the Magician (Deep Elf Fire Elementalist)    Turns: 3403, Time: 00:13:25

Health: 0/36       AC:  4    Str:  5    XL:     7   Next: 22%
Magic:  1/20       EV: 13    Int: 22    God:
Gold:   94         SH:  0    Dex: 15    Spells: 3/21 levels left

rFire  x . .     SeeInvis .     m - +1 dagger (venom)
rCold  + . .     Gourm    .     a - +2 robe
rNeg   . . .     Faith    .     (no shield)
rPois  +         Spirit   .     (no helmet)
rElec  .         Reflect  .     (no cloak)
rCorr  .         Harm     .     (no gloves)
MR     .....                    (no boots)
Stlth  ++........               l - amulet of rage
                                f - ring of poison resistance
                                h - ring of ice

@: lethally poisoned (0 -> -6), very slightly contaminated
A: no striking features
a: Evoke Berserk Rage


You were on level 4 of the Dungeon.
You were very hungry.

You visited 1 branch of the dungeon, and saw 4 of its levels.

You collected 94 gold pieces.

Inventory:

Hand Weapons
 m - a +1 dagger of venom (weapon)
Armour
 a - a +2 robe (worn)
Jewellery
 f - a ring of poison resistance (right hand)
 h - a ring of ice (left hand)
 l - an amulet of rage (around neck)
Scrolls
 d - a scroll of enchant armour
 e - a scroll of immolation
Potions
 g - a potion of cure mutation {unknown}
 j - a potion of brilliance {unknown}
 n - a potion of heal wounds {unknown}
 o - a potion of flight {unknown}
 p - a potion of berserk rage {unknown}
Books
 b - a book of Flames

   Spells                             Type                      Level
   a - Flame Tongue                   Conjuration/Fire             1
   b - Throw Flame                    Conjuration/Fire             2
   c - Conjure Flame                  Conjuration/Fire             3
   d - Inner Flame                    Hexes/Fire                   3
   e - Sticky Flame                   Conjuration/Fire             4
   f - Fireball                       Conjuration/Fire             5
Comestibles
 c - 3 bread rations
 k - a meat ration


   Skills:
 - Level 2.4 Dodging
 - Level 2.4 Stealth
 * Level 7.9 Spellcasting
 + Level 4.1 Conjurations
 + Level 5.3 Fire Magic


You had 3 spell levels left.
You knew the following spells:

 Your Spells              Type           Power        Failure   Level  Hunger
a - Flame Tongue          Conj/Fire      ####.        1%          1    None
b - Throw Flame           Conj/Fire      ####..       1%          2    None
c - Conjure Flame         Conj/Fire      ####....     3%          3    None
d - Inner Flame           Hex/Fire       ###.....     10%         3    None
e - Sticky Flame          Conj/Fire      ####....     12%         4    ###....
f - Fireball              Conj/Fire      ####......   34%         5    #####..


Dungeon Overview and Level Annotations

Branches:
Dungeon (4/15)
 Temple: D:4-7

Altars:
Ashenzari
Sif Muna
Zin
The Shining One


Message History

Aim: an orc wizard, wielding a dagger of venom and wearing a robe (almost dead, fast, poisoned)
The flame tongue hits the orc wizard.
You kill the orc wizard!
You feel sick.
Okay, then.
You hit the howler monkey.
The howler monkey is poisoned.
The howler monkey is lightly wounded.
You feel sick. The howler monkey hits you.
You feel sick.
You feel sick.
The howler monkey hoots and howls with incredible vigour!
You hear an angry hiss.
You feel sick.
You feel sick.
You feel sick.
The howler monkey hoots and howls with incredible vigour!
You feel sick.
The orc priest calls down the wrath of Beogh upon you.
Beogh smites you!
You die...

......# .####.#
.####.###### ####
............. ....
.###..#######.#..#
.#.#..#.......#..#
<#.#..#.#######..#
>................+
)#.#..#.#####...@#
.#.#..#.#####.##.#
...#..#.........h#####
.###..#####........o.#
.# #... #.#....o.#.#
.# #..#. #.######.#.#
.# #..#. #.# #'#o#
.###..# #.# #........#
......# # #.#
#........#


You could see a howler monkey and an orc priest.

Vanquished Creatures
  The ghost of Armakuni the Skirmisher, a novice DEFi of Okawaru (D:4)
  A hound (D:4)
  2 orc priests (D:3)
  3 orc wizards (D:4)
  7 adders
  3 oozes
  A worm (D:2)
  2 dart slugs
  3 leopard geckos
  11 orcs
  A ball python (D:4)
  7 bats
  4 giant cockroaches
  4 goblins
  4 hobgoblins
  20 jackals
  14 kobolds
  A quokka (D:3)
  9 frilled lizards
  A quokka skeleton (D:3)
  8 rats
107 creatures vanquished.

Notes
Turn   | Place    | Note
-------+----------+-------------------------------------------
     0 | D:1      | Kidiri the Deep Elf Fire Elementalist began the quest for the Orb.
     0 | D:1      | Reached XP level 1. HP: 10/10 MP: 6/6
    85 | D:1      | Reached XP level 2. HP: 15/15 MP: 5/8
   164 | D:1      | Learned a level 2 spell: Throw Flame
   583 | D:2      | Reached skill level 4 in Spellcasting
   618 | D:2      | Reached XP level 3. HP: 19/19 MP: 4/10
   623 | D:2      | Learned a level 3 spell: Conjure Flame
   627 | D:2      | Learned a level 3 spell: Inner Flame
   676 | D:2      | Found a shattered altar of Ashenzari.
   997 | D:2      | Found a glowing silver altar of Zin.
  1264 | D:2      | Reached XP level 4. HP: 24/24 MP: 2/12
  1267 | D:2      | Reached skill level 5 in Spellcasting
  1405 | D:2      | Learned a level 4 spell: Sticky Flame
  1598 | D:2      | Found a deep blue altar of Sif Muna.
  2003 | D:3      | Reached XP level 5. HP: 28/28 MP: 5/15
  2094 | D:3      | Reached skill level 6 in Spellcasting
  2103 | D:3      | HP: 1/28 [orc/short sword (1)]
  2721 | D:3      | Found a glowing golden altar of the Shining One.
  2915 | D:4      | Noticed Armakuni's ghost (novice DEFi)
  2915 | D:4      | Reached XP level 6. HP: 18/32 MP: 11/17
  2926 | D:4      | Learned a level 5 spell: Fireball
  3055 | D:4      | Killed Armakuni's ghost
  3055 | D:4      | Reached skill level 7 in Spellcasting
  3055 | D:4      | Reached skill level 5 in Fire Magic
  3055 | D:4      | Reached XP level 7. HP: 31/36 MP: 2/20
  3403 | D:4      | Killed from afar by an orc priest

Vault maps used:
D:1:      dpeg_arrival_shelter
D:2:      lemuel_blue_sif_altar, marbit_many_paths, zin_academy
D:3:      serial_glass, glass_columns_b, glass_columns_b, first_bread,
          nicolae_tso_swordbearing_angel

Skill      XL: |  1  2  3  4  5  6 |
---------------+-------------------+-----
Spellcasting   | 4 5 6 7 |  7.9
Conjurations   | 2 3 4 |  4.1
Fire Magic     | 4 5 |  5.3
Dodging        | |  2.4
Stealth        | |  2.4

Action                   |  1- 3 |  4- 6 |  7- 9 || total
-------------------------+-------+-------+-------++-------
Melee: Short sword       |    16 |    15 |       ||    31
       Dagger            |       |    18 |    11 ||    29
 Cast: Flame Tongue      |    56 |   100 |    30 ||   186
       Throw Flame       |     1 |    10 |       ||    11
       Conjure Flame     |     1 |     2 |       ||     3
       Inner Flame       |     1 |       |       ||     1
       Sticky Flame      |       |     3 |     1 ||     4
  Use: Scroll            |     1 |     4 |       ||     5
       Potion            |       |     2 |       ||     2
 Stab: Sleeping          |     4 |     2 |       ||     6
  Eat: Chunk             |     1 |     5 |     1 ||     7
Armor: Robe              |     9 |     5 |     3 ||    17
Dodge: Dodged            |    30 |    64 |    10 ||   104
